 Dungeon Crawl Stone Soup version 0.27.0-1-g7a089689b8 (webtiles) character file.

Game seed: 2392829077155469204

46 sanka the Ducker (level 3, 0/24 HPs)
             Began as a Merfolk Necromancer on Aug 7, 2021.
             Slain by a quokka (2 damage)
             ... on level 1 of the Dungeon.
             The game lasted 00:01:48 (1961 turns).

sanka the Ducker (Merfolk Necromancer)              Turns: 1961, Time: 00:01:48

Health: 0/24       AC:  2    Str:  8    XL:     3   Next: 68%
Magic:  0/6        EV: 17    Int: 14    God:
Gold:   52         SH:  0    Dex: 15    Spells: 5/6 levels left

rFire    . . .     SeeInvis .   (no weapon)
rCold    . . .     Faith    .   (no shield)
rNeg     . . .     Spirit   .   a - +0 robe
rPois    .         Reflect  .   (no helmet)
rElec    .         Harm     .   (no cloak)
rCorr    .         Rampage  .   (no gloves)
Will     .....                  (boots currently unavailable)
Stlth    +++.......             (no amulet)
HPRegen  0.08/turn              (no ring)
MPRegen  0.10/turn              (no ring)

@: very quick
A: nimble swimmer 2, mertail
a: no special abilities


You were on level 1 of the Dungeon.
You visited 1 branch of the dungeon, and saw 2 of its levels.

You collected 52 gold pieces.


Innate Abilities, Weirdness & Mutations

You are quick and stealthy near water. (Stealth+, EV+, Speed+++)
Your lower body shifts to a powerful aquatic tail in water.


   Skills:
 + Level 5.2 Dodging
 - Level 2.1 Stealth
 - Level 2.0 Spellcasting
 - Level 3.2 Necromancy


You had 5 spell levels left.
You knew the following spells:

 Your Spells              Type           Power      Damage    Failure   Level
z - Pain                  Necr           40%        1d6       6%          1

Your spell library contained the following spells:

 Spells                   Type           Power      Damage    Failure   Level
 Animate Skeleton         Necr           20%        N/A       6%          1
 Vampiric Draining        Necr           5%         2d6       19%         3
 Animate Dead             Necr           5%         N/A       52%         4
 Agony                    Necr           10%        N/A       86%         5

Inventory:

Armour
 a - a +0 robe (worn)
Potions
 b - a potion of curing {unknown}

Dungeon Overview and Level Annotations

Branches:
Dungeon (2/15)

Altars:

▒▒...▒▒▒▒▒▒▒.▒ ▒..........▒ ▒▒▒▒
..........▒▒.▒▒▒.▒▒.▒.....▒▒▒▒..▒
....).........▒▒.†........▒▒≈▒..▒
..........▒▒▒.≈.▒▒▒.▒.....▒≈≈≈...
▒▒...▒▒▒▒▒▒ ▒.......▒.....▒▒≈≈.▒▒
▒...▒ ▒.......▒▒▒▒▒▒▒▒.≈≈▒▒ ▒...▒
▒.≈≈≈.▒▒▒ ▒.≈≈.. ▒...▒
▒▒▒.≈...▒▒▒▒▒ ▒..≈.▒ ▒▒...▒▒
▒.....m.....▒ ▒..≈.▒ ......▒
▒.▒▒.r[.....▒ ▒.≈≈.. .▒▒.▒.▒▒
▒.▒▒..>.▒▒▒.▒▒▒▒▒▒..≈≈▒
.▒.▒▒▒.▒▒▒▒.▒▒..†..............≈▒
..▒▒ ▒▒.....▒▒▒...▒▒▒.▒▒▒▒▒▒▒▒▒≈▒
.▒.▒▒▒.▒▒▒▒.▒▒▒...▒▒▒.▒ ▒▒▒
....▒.▒▒ ▒†>.........▒ .....▒▒
▒.▒▒▒▒▒▒▒▒▒▒▒ ▒▒▒..▒ ▒.▒


You could see a quokka.


Message History

You are poisoned.
The adder poisons you!
The adder writhes in agony.
You kill the adder!
You feel sick. The quokka completely misses you.
Unknown command.
You feel sick.
There is a stone staircase leading up here.
You feel sick. The quokka barely misses you.
You climb upwards.
You feel sick.
There is a stone staircase leading down here.
Unknown command.
You feel sick. The quokka closely misses you.
You see here a +0 leather armour.
The quokka barely misses you.
The quokka barely resists.
You feel sick.
You are no longer poisoned.
The quokka closely misses you.
The quokka writhes in agony.
The quokka bites you.
* * * LOW HITPOINT WARNING * * *
You barely miss the quokka.
The quokka is heavily wounded.
The quokka bites you.
You die...

Action                   || total
-------------------------++-------
Melee: Unarmed           ||    16
 Cast: Pain              ||    69
Armor: Robe              ||    13
Dodge: Dodged            ||    62

Levels and vault maps discovered:
D:1:      dpeg_arrival_more_subterranean_lakeside_camping, layout_loops_cross,
          serial_rivers, chequers_serial_rivers_micro_b,
          chequers_serial_rivers_large_b, chequers_serial_rivers_micro_e,
          chequers_serial_rivers_small_a, chequers_serial_rivers_micro_d,
          chequers_serial_rivers_micro_c
D:2:      layout_basic, shapermc_ecumenical_altar_venn, minmay_tetromino_i4,
          uniq_natasha

Notes
Turn   | Place    | Note
-------+----------+-------------------------------------------
     0 | D:1      | sanka the Merfolk Necromancer began the quest for the Orb.
     0 | D:1      | Reached XP level 1. HP: 13/13 MP: 3/3
   107 | D:1      | Reached skill level 3 in Dodging
   216 | D:1      | Reached XP level 2. HP: 16/19 MP: 1/5
   516 | D:1      | Reached skill level 4 in Dodging
  1116 | D:1      | Reached XP level 3. HP: 18/24 MP: 1/6
  1828 | D:1      | Reached skill level 5 in Dodging
  1960 | D:1      | HP: 2/24 [quokka (4)]
  1961 | D:1      | Slain by a quokka

Vanquished Creatures
  An adder (D:2)
  2 dart slugs (D:1)
  5 ball pythons (D:1)
  4 bats (D:1)
  An endoplasm (D:1)
  A giant cockroach (D:1)
  2 goblins (D:1)
  2 hobgoblins (D:1)
  2 jackals
  4 quokkas (D:1)
  4 rats (D:1)
28 creatures vanquished.
